 Dungeon Sprint DCSS version 0.18.1-6-gd335043 (webtiles) character file.

3409 Groucho the Jinx (level 9, -2/48 HPs)
             Began as a Spriggan Enchanter on May 20, 2016.
             Was an Elder of Dithmenos.
             Slain by an orange demon (9 damage)
             ... summoned by a deep elf mage
             ... in the Dungeon (Sprint III: "The Ten Rune Challenge").
             The game lasted 00:08:19 (1949 turns).

Groucho the Jinx (Spriggan Enchanter)               Turns: 1949, Time: 00:08:20

Health: -2/48      AC:  3    Str:  7    XL:     9   Next: 75%
Magic:  15/26      EV: 25    Int: 17    God:    Dithmenos [****..]
Gold:   6629       SH:  0    Dex: 16    Spells: 5 memorised, 20 levels left

rFire  . . .     SeeInvis +     a - +1 dagger
rCold  . . .     Gourm    .     b - +1 robe
rNeg   . . .     Faith    .     (shield restricted)
rPois  .         Spirit   .     (helmet restricted)
rElec  .         Dismiss  .     (no cloak)
rCorr  .         Reflect  .     (gloves unavailable)
SustAt .         Harm     .     (boots unavailable)
MR     +....     NoTele   +     (no amulet)
Stlth  +++++++++.               (no ring)
                                (no ring)

@: wreathed by umbra, drained, very quick, somewhat resistant to hostile
enchantments, incredibly stealthy
A: unfitting armour, see invisible, herbivore 3, speed 3, slow metabolism 2
a: Shadow Step, Renounce Religion


You were in the Dungeon.
You worshipped Dithmenos.
Dithmenos was greatly pleased with you.
You were not hungry.

You visited 1 branch You collected 6629 gold pieces.

Inventory:

Hand Weapons
 a - a +1 dagger (weapon)
 f - a +1 long sword of holy wrath
Armour
 b - a +1 robe (worn)
Scrolls
 j - a scroll of blinking
 m - a scroll of holy word {unknown}
 n - a scroll of enchant weapon {unknown}
 o - 2 scrolls of remove curse
 s - a scroll of torment {unknown}
Potions
 e - a potion of curing
 g - a potion of haste
 h - 2 potions of magic
 i - 2 potions of mutation {unknown}
 k - a potion of brilliance {unknown}
 l - a potion of might
 q - a potion of agility {unknown}
 r - 2 potions of cancellation {unknown}
 u - a potion of lignification {unknown}
Books
 c - a book of Maledictions

   Spells                             Type                      Level
   a - Corona                         Hexes                        1
   b - Ensorcelled Hibernation        Hexes/Ice                    2
   c - Confuse                        Hexes                        3
   d - Tukima's Dance                 Hexes                        3
   e - Dazzling Spray                 Conjuration/Hexes            3
Comestibles
 d - a bread ration
 p - 2 royal jellies
 t - 3 fruits


   Skills:
 + Level 6.0(5.4) Fighting
 + Level 8.2(7.5) Short Blades
 + Level 11.0(10.3) Dodging
 + Level 12.1(11.3) Stealth
 * Level 12.4(11.7) Spellcasting
 * Level 7.1(6.5) Conjurations
 * Level 12.6(11.8) Hexes


You had 20 spell levels left.
You knew the following spells:

 Your Spells              Type           Power        Failure   Level  Hunger
a - Corona                Hex            ######.      1%          1    None
b - Ensorcelled Hibernat  Hex/Ice        ####..       1%          2    None
c - Confuse               Hex            ######..     1%          3    None
d - Dazzling Spray        Conj/Hex       #####...     1%          3    None
e - Tukima's Dance        Hex            ######..     1%          3    None


Dungeon Overview and Level Annotations

Branches:
Dungeon (1/1)

Altars:
Cheibriados
Dithmenos
Elyvilon
Fedhas
Gozag
Kikubaaqudgha
Makhleb
Nemelex Xobeh
Okawaru
Pakellas
Qazlal
Ru
Sif Muna
Trog
Vehumet
Xom
Yredelemnul
Zin
The Shining One
Jiyva
Lugonu

Shops:
D (


Innate Abilities, Weirdness & Mutations

You are tiny and cannot use many weapons and most armour.
You have supernaturally acute eyesight.
You are a herbivore.
You cover ground extremely quickly.
You need consume almost no food.


Message History

Your shadow hits the deep elf mage with a dagger.
You hit the deep elf mage.
The deep elf mage is lightly wounded.
The orange demon misses you.
You barely miss the deep elf mage.
The deep elf mage is lightly wounded.
Your shadow hits the deep elf mage with a dagger.
You hit the deep elf mage.
The deep elf mage is moderately wounded.
Your shadow hits the deep elf mage with a dagger.
The orange demon closely misses you. The orange demon hits you.
* * * LOW HITPOINT WARNING * * *
Casting: Confuse
Confirm with . or Enter, or press ? or * to list all spells.
Aiming: Confuse
Press: ? - help, Shift-Dir - straight line, f - orange demon, p - deep elf mage
Aim: an orange demon (black smoke, summoned, umbra, chance to defeat MR: 37%)
The orange demon resists with some effort.
The orange demon stings you!
You die...

▓▓▓▓▓▓▓▓▓
#############.#..#..#######
__#__[#__##.∩###..e.'.#...#
..#...#._#......§§§##.#.ee#
#'#)###'##..)..§§4## #e..≈
.........#....§§@§### .e.#
⌠......))#.##.#§#e§§# e.#
..######(#)#.#..##.## ##
⌠.#__#.))#'#########
..#__#...#..§≈≈+§#
###__#..)#)#§§§#.#
))#__#...).#§§§#.#
__#__'...#.#§§§#.E
▓▓▓▓▓▓▓▓▓▓▓▓▓▓▓▓▓▓▓


You could see an orange demon and a deep elf mage (confused).

Vanquished Creatures
  Josephine (D)
  An orc high priest (D)
  2 deep elf magi (D)
  A shadow (D)
  A spatial vortex (D)
  3 orc warriors (D)
  A necrophage (D)
  A water elemental (D)
  A scorpion (D)
  A wizard (D)
  A jelly (D)
  3 orc priests (D)
  An orc wizard (D)
  Jessica (D)
  A necromancer (D)
  3 humans (D)
  A kobold demonologist (D)
  An ooze (D)
  10 orcs (D)
  2 rats (D)
37 creatures vanquished.

Vanquished Creatures (others)
  2 draconian scorchers (D)
  A hydra (D)
  2 yaktaurs (D)
  6 plants (D)
11 creatures vanquished.

Grand Total: 48 creatures vanquished

Notes
Turn   | Place    | Note
--------------------------------------------------------------
     0 | D        | Groucho the Spriggan Enchanter began the quest for the Orb.
     0 | D        | Reached XP level 1. HP: 9/9 MP: 5/5
    42 | D        | Noticed Jessica
    48 | D        | Killed Jessica
    48 | D        | Reached skill level 1 in Fighting
    48 | D        | Reached skill level 5 in Stealth
    48 | D        | Reached skill level 5 in Hexes
    48 | D        | Reached XP level 2. HP: 13/14 MP: 5/8
    48 | D        | Reached XP level 3. HP: 17/18 MP: 6/10
   147 | D        | Noticed a scorpion
   150 | D        | Killed a scorpion
   150 | D        | Reached skill level 5 in Dodging
   150 | D        | Reached skill level 5 in Spellcasting
   150 | D        | Reached XP level 4. HP: 23/23 MP: 10/12
   176 | D        | Killed a six-headed hydra
   215 | D        | Learned a level 2 spell: Ensorcelled Hibernation
   219 | D        | Learned a level 3 spell: Confuse
   223 | D        | Learned a level 3 spell: Dazzling Spray
   227 | D        | Learned a level 3 spell: Tukima's Dance
   227 | D        | Noticed a water elemental
   230 | D        | Killed a water elemental
   230 | D        | Reached skill level 1 in Conjurations
   230 | D        | Reached XP level 5. HP: 27/27 MP: 13/15
   245 | D        | Found a glowing silver altar of Zin.
   246 | D        | Found a glowing golden altar of the Shining One.
   246 | D        | Found a white marble altar of Elyvilon.
   246 | D        | Noticed a deep elf mage
   249 | D        | Killed a deep elf mage
   249 | D        | Reached skill level 5 in Short Blades
   249 | D        | Reached XP level 6. HP: 33/33 MP: 11/18
   249 | D        | Reached XP level 7. HP: 37/37 MP: 12/20
   282 | D        | Killed a yaktaur
   285 | D        | Killed a white draconian scorcher
   325 | D        | Killed a white draconian scorcher
   395 | D        | Found a radiant altar of Vehumet.
   396 | D        | Found a deep blue altar of Sif Muna.
   396 | D        | Found an ancient bone altar of Kikubaaqudgha.
   422 | D        | Found an iron altar of Okawaru.
   422 | D        | Found a bloodstained altar of Trog.
   422 | D        | Noticed a human
   427 | D        | Killed a human
   428 | D        | Noticed a human
   430 | D        | Killed a human
   430 | D        | Reached skill level 10 in Hexes
   448 | D        | Found a basalt altar of Yredelemnul.
   448 | D        | Found a snail-covered altar of Cheibriados.
   448 | D        | Found a blossoming altar of Fedhas.
   451 | D        | Reached skill level 10 in Spellcasting
   465 | D        | Noticed a shadow
   467 | D        | Killed a shadow
   467 | D        | Reached skill level 10 in Stealth
   467 | D        | Reached skill level 5 in Conjurations
   467 | D        | Reached XP level 8. HP: 42/42 MP: 20/23
   476 | D        | Found an oddly glowing altar of Pakellas.
   476 | D        | Found a stormy altar of Qazlal.
   477 | D        | Found a sacrificial altar of Ru.
   477 | D        | Found a burning altar of Makhleb.
   477 | D        | Found a viscous altar of Jiyva.
   477 | D        | Found a shimmering altar of Xom.
   477 | D        | Found a shadowy altar of Dithmenos.
   477 | D        | Found a sparkling altar of Nemelex Xobeh.
   477 | D        | Found a corrupted altar of Lugonu.
   477 | D        | Found an opulent altar of Gozag.
   489 | D        | Became a worshipper of Dithmenos the Shadowed
   696 | D        | Noticed Josephine
   728 | D        | HP: 3/63 [Josephine/dagger (2)]
   731 | D        | Killed Josephine
   731 | D        | Reached skill level 5 in Fighting
   731 | D        | Reached XP level 9. HP: 4/47 MP: 2/25
  1308 | D        | Killed a yaktaur
  1320 | D        | Found Bunwesee's Antique Weapon Emporium.
  1327 | D        | Noticed an orc high priest
  1401 | D        | Killed an orc high priest
  1401 | D        | Reached skill level 10 in Dodging
  1413 | D        | Reached * piety under Dithmenos
  1434 | D        | Reached ** piety under Dithmenos
  1460 | D        | Reached *** piety under Dithmenos
  1611 | D        | Reached **** piety under Dithmenos
  1787 | D        | Noticed a deep elf mage
  1787 | D        | Noticed a deep elf mage
  1787 | D        | Noticed a deep elf mage
  1787 | D        | Noticed a deep elf mage
  1787 | D        | Noticed a deep elf mage
  1807 | D        | Killed a deep elf mage
  1939 | D        | Noticed an orange demon
  1949 | D        | Slain by an orange demon

Skill      XL: |  1  2  3  4  5  6  7  8  9 |
---------------+----------------------------+-----
Spellcasting   | 4 5 6 8 10 11 12 | 12.4
Hexes          | 5 6 9 10 11 12 | 12.6
Fighting       | 1 2 3 4 5 6 |  6.0
Short Blades   | 2 3 5 6 7 8 |  8.2
Dodging        | 4 5 7 8 9 11 | 11.0
Stealth        | 5 6 7 8 10 11 12 | 12.1
Conjurations   | 1 4 5 6 7 |  7.1

Action                   |  1- 3 |  4- 6 |  7- 9 || total
-------------------------+-------+-------+-------++-------
Melee: Dagger            |    10 |     8 |    56 ||    74
 Cast: Ensorcelled Hiber |       |       |    33 ||    33
       Dazzling Spray    |       |       |    10 ||    10
       Confuse           |       |       |     8 ||     8
  Use: Scroll            |       |     1 |     1 ||     2
       Potion            |       |     1 |     3 ||     4
 Stab: Sleeping          |     3 |     2 |    27 ||    32
Armor: Robe              |       |       |     1 ||     1
Dodge: Dodged            |     3 |     4 |    28 ||    35
